 Dungeon Crawl Stone Soup version 0.28.0-53-g5a82cb258f (webtiles) character file.

Game seed: 9670607078578226910

53 Zeld the Ogre Mage (level 3, 0/35 HPs)
             Began as an Ogre Transmuter on June 7, 2022.
             Succumbed to a scorpion's poison
             ... on level 4 of the Dungeon.
             The game lasted 00:01:39 (2435 turns).

Zeld the Ogre Mage (Ogre Transmuter)                Turns: 2435, Time: 00:01:39

Health: 0/35       AC:  2    Str: 16    XL:     3   Next: 89%
Magic:  5/7        EV: 18    Int: 14    God:
Gold:   51         SH:  0    Dex: 14    Spells: 2/8 levels left

rFire   . . .      SeeInvis .     - Unarmed
rCold   . . .      Faith    .   (shield currently unavailable)
rNeg    . . .      Spirit   .   (armour currently unavailable)
rPois   x          Reflect  .   (helmet currently unavailable)
rElec   .          Harm     .   (cloak currently unavailable)
rCorr   .          Rampage  .   (gloves unavailable)
Will    .....                   (boots unavailable)
Stlth   +.........              (no amulet)
HPRegen 0.00/turn               (no ring)
MPRegen 0.10/turn               (no ring)

@: lethally poisoned (0 -> -15), spider-form (expiring), inhibited regen,
hasted, very quick
A: venomous fangs, tiny, unfitting armour, (tough skin 1), (hooves 1), (horns
1), inhibited regeneration
a: End Transformation


You were on level 4 of the Dungeon.
You were a venomous arachnid creature.
You visited 1 branch of the dungeon, and saw 4 of its levels.

You collected 51 gold pieces.

Inventory:

Armour
 a - a +0 robe (melded)
Scrolls
 b - 4 scrolls of identify {unknown}
 d - a scroll of noise {unknown}
 f - a scroll of amnesia {unknown}


   Skills:
 + Level 2.3 Fighting
 - Level 1.7 Dodging
 - Level 2.6 Unarmed Combat
 * Level 3.4 Spellcasting
 * Level 2.6 Transmutations
 + Level 0.3 Poison Magic


You had 2 spell levels left.
You knew the following spells:

 Your Spells              Type           Power      Damage    Failure   Level
a - Beastly Appendage     Tmut           18%        N/A       19%         1
b - Wereblood             Tmut           9%         N/A       26%         2
c - Spider Form           Tmut/Pois      6%         N/A       54%         3

Your spell library contained the following spells:

 Spells                   Type           Power      Damage    Failure   Level
 Ice Form                 Ice/Tmut       6%         N/A       89%         4


Dungeon Overview and Level Annotations

Branches:
Dungeon (4/15)
 Temple: D:4-7

Altars:
Sif Muna


Innate Abilities, Weirdness & Mutations

You are a venomous arachnid creature.
You have poisonous fangs.
You are tiny and dextrous.
Your spellcasting is less reliable in this form.
Your armour is entirely melded.
You are incapable of wielding weapons or throwing items.
You are too large for most types of armour.
((You have tough skin. (AC +1)))
((You have large cloven feet.))
((You have a pair of small horns on your head.))
You do not regenerate when monsters are visible.


Message History

Casting: Beastly Appendage (safe; 7% risk of failure)
Confirm with . or Enter, or press ? or * to list all spells.
The spell is quite dangerous to miscast (32% risk of failure)!
Continue anyway?
You turn into a venomous arachnid creature.
Your +0 robe melds into your body.
Your transformation is almost over.
You hit the scorpion but do no damage. The ogre completely misses you.
The scorpion completely misses you.
You barely miss the scorpion. The scorpion stings you.
You are poisoned.
The scorpion poisons you! The ogre hits you with a +0 giant club!
You bite the ogre!
The ogre is poisoned.
The ogre is moderately wounded.
You feel very sick. The scorpion completely misses you.
The ogre completely misses you. The scorpion stings you.
You are more poisoned.
The scorpion poisons you!
It was a potion of curing.
You feel better. The scorpion closely misses you.
You hit the ogre.
The ogre looks as sick as possible!
The ogre is moderately wounded.
The ogre completely misses you. The scorpion completely misses you.
You hit the ogre.
The ogre looks as sick as possible!
The ogre is severely wounded.
The ogre hits you with a +0 giant club! The scorpion stings you.
You are lethally poisoned!
The scorpion poisons you!
You barely miss the scorpion.
* * * LOW HITPOINT WARNING * * *
You feel very sick. The scorpion completely misses you.
The ogre closely misses you.
Unknown command.
It was a potion of haste.
You feel yourself speed up.
* * * LOW HITPOINT WARNING * * *
You feel very sick. The scorpion completely misses you.
It was a potion of mutation.
You feel extremely strange.
Your regeneration stops near monsters.
A pair of horns grows on your head!
Your feet thicken and deform.
You die...

# ##[$##########.#
##.#.#.#..........#
.#..#?..#.##########
.w#...#.#.#
#...#.....#
#...#.### #..#w..# #
#s#O# ##s|# ####


You could see an ogre (extremely poisoned), a worm and a scorpion.

Vanquished Creatures
  A bullfrog skeleton (D:4)
  A worm (D:2)
  An endoplasm (D:1)
  2 giant cockroaches (D:3)
  3 goblins
  2 hobgoblins
  4 ball pythons
  2 bats
  A frilled lizard (D:3)
  4 kobolds (D:3)
  2 rats (D:3)
23 creatures vanquished.

Notes
Turn   | Place    | Note
-------+----------+-------------------------------------------
     0 | D:1      | Zeld the Ogre Transmuter began the quest for the Orb.
     0 | D:1      | Reached XP level 1. HP: 19/19 MP: 3/3
    84 | D:1      | Found a faded altar of an unknown god.
   735 | D:2      | Reached XP level 2. HP: 5/28 MP: 3/5
  1366 | D:3      | Learned a level 2 spell: Wereblood
  1502 | D:3      | Reached skill level 3 in Spellcasting
  1555 | D:3      | Found a shimmering blue altar of Sif Muna.
  1630 | D:3      | Reached XP level 3. HP: 35/35 MP: 5/7
  1634 | D:3      | Learned a level 3 spell: Spider Form
  2421 | D:4      | Noticed an ogre
  2423 | D:4      | Noticed a scorpion
  2435 | D:4      | Gained mutation: You do not regenerate when monsters are
                  | visible. [potion of mutation]
  2435 | D:4      | Gained mutation: You have a pair of small horns on your
                  | head. [potion of mutation]
  2435 | D:4      | Gained mutation: You have large cloven feet. [potion of
                  | mutation]
  2435 | D:4      | Succumbed to a scorpion's poison

Illustrated notes

Levels and vault maps discovered:
D:1:      evilmike_arrival_plus, layout_loops_ring, basic_ecumenical_altar
D:2:      layout_basic
D:3:      layout_loops_corners, nicolae_sif_muna_condensation,
          amcnicky_mini_corridor_feature, minmay_misc_feat_more_columns
D:4:      minmay_spotlight, layout_basic, mainiacjoe_overflow_alcove_1,
          amcnicky_altar_gilded, portal_sewer_entry_a, uniq_menkaure,
          uniq_edmund

Skill      XL: |  1  2 |
---------------+-------+-----
Transmutations | 2 |  2.6
Spellcasting   | 3 |  3.4
Fighting       | 2 |  2.3
Dodging        | |  1.7
Unarmed Combat | |  2.6
Poison Magic   | |  0.3

Action                   || total
-------------------------++-------
Melee: Unarmed           ||    96
       Kick              ||    13
       Headbutt          ||     9
 Cast: Beastly Appendage ||    17
       Spider Form       ||     1
       Wereblood         ||     1
  Use: Potion            ||     3
Armor: Robe              ||    30
Dodge: Dodged            ||    49
